 Dungeon Crawl Stone Soup version 0.25-a0-647-gd602d06 (webtiles) character file.

Game seed: 2553675395550819227, levelgen mode: deterministic

25153 Faels the Thaumaturge (level 13, 0/98 HPs)
             Began as a Gnoll Wanderer on Mar 20, 2020.
             Was a High Priest of Okawaru.
             Slain by a spiny frog (12 damage)
             ... on level 3 of the Lair of Beasts on Mar 21, 2020.
             The game lasted 01:02:15 (20577 turns).

Faels the Thaumaturge (Gnoll Wanderer)             Turns: 20577, Time: 01:02:15

Health: 0/98       AC: 14    Str: 16    XL:     13   Next: 17%
Magic:  26/26      EV: 18    Int: 22    God:    Okawaru [*****.]
Gold:   808        SH:  0    Dex: 16    Spells: 15/30 levels left

rFire    . . .     SeeInvis .   N - +3 war axe of Exquisite Death {venom, Int+3}
rCold    . . .     Gourm    .   (no shield)
rNeg     . . .     Faith    +   R - +0 acid dragon scales
rPois    .         Spirit   .   D - +0 helmet
rElec    .         Reflect  .   (no cloak)
rCorr    +         Harm     .   L - +0 pair of gloves
MR       .....                  d - +2 pair of boots
Stlth    ++++......             v - amulet of faith
HPRegen  0.26/turn              m - +1 ring of evasion
MPRegen  0.20/turn              l - +2 ring of intelligence

@: no status effects
A: distributed training, fangs 1, strong nose
a: Heroism, Finesse, Renounce Religion


You were on level 3 of the Lair of Beasts.
You worshipped Okawaru.
Okawaru was extremely pleased with you.
You were not hungry.

You visited 3 branches of the dungeon, and saw 16 of its levels.

You collected 808 gold pieces.

Inventory:

Hand Weapons
 C - the +11 shortbow of Karma {venom, rElec rPois rC+ Dex-5}
   (You found it on level 2 of the Lair of Beasts)

   It poisons the ammo it fires.
   It affects your dexterity (-5).
   It protects you from cold.
   It insulates you from electricity.
   It protects you from poison.
 N - the +3 war axe of Exquisite Death (weapon) {venom, Int+3}
   (You found it on level 9 of the Dungeon)

   It poisons the flesh of those it strikes.
   It affects your intelligence (+3).
Missiles
 g - 47 poisoned darts (quivered)
 s - 9 silver boomerangs
 w - 5 throwing nets
 A - 154 arrows
Armour
 c - a +3 buckler
 d - a +2 pair of boots (worn)
 x - a +2 leather armour of magic resistance
 z - a +3 leather armour of fire resistance
 D - a +0 helmet (worn)
 K - a +2 chain mail of cold resistance
 L - a +0 pair of gloves (worn)
 R - +0 acid dragon scales (worn)
Magical Staves
 Z - an uncursed staff of power
Jewellery
 l - a +2 ring of intelligence (right hand)
 m - a +1 ring of evasion (left hand)
 v - an amulet of faith (around neck)
 y - an uncursed amulet of regeneration {unknown}
 H - a cursed amulet of inaccuracy {unknown}
Wands
 p - a wand of digging (5)
 E - a wand of paralysis (9)
 M - a wand of iceblast (13)
 P - a wand of clouds (1)
Scrolls
 b - 4 scrolls of amnesia
 h - 4 scrolls of blinking
 j - 5 scrolls of teleportation
 u - 2 scrolls of fear
 F - a scroll of fog
 G - a scroll of remove curse
 I - 2 scrolls of enchant weapon
 Q - a scroll of enchant armour
Potions
 e - 3 potions of ambrosia {unknown}
 i - a potion of mutation {unknown}
 k - a potion of heal wounds {unknown}
 n - a potion of berserk rage
 o - a potion of resistance {unknown}
 q - 4 potions of stabbing
 r - 8 potions of curing
 t - a potion of lignification
 B - 4 potions of flight
 Y - 3 potions of degeneration {unknown}
Miscellaneous
 a - a fan of gales
 O - a phial of floods
 U - a sack of spiders
 W - a phantom mirror
 X - a lamp of fire
Comestibles
 f - 25 rations
 J - 7 chunks of flesh


   Skills:
 + Level 7.9 Fighting
 + Level 7.9 Short Blades
 + Level 7.9 Long Blades
 + Level 7.9 Axes
 + Level 9.2 Maces & Flails
 + Level 7.9 Polearms
 + Level 7.9 Staves
 + Level 7.9 Slings
 + Level 7.9 Bows
 + Level 7.9 Crossbows
 + Level 7.9 Throwing
 + Level 8.4 Armour
 + Level 7.9 Dodging
 + Level 7.9 Stealth
 + Level 9.2 Shields
 + Level 7.9 Unarmed Combat
 + Level 9.4 Spellcasting
 + Level 6.5 Conjurations
 + Level 6.5 Hexes
 + Level 6.5 Charms
 + Level 6.5 Summonings
 + Level 6.5 Necromancy
 + Level 7.7 Translocations
 + Level 7.0 Transmutations
 + Level 6.5 Fire Magic
 + Level 6.5 Ice Magic
 + Level 6.5 Air Magic
 + Level 6.5 Earth Magic
 + Level 6.5 Poison Magic
 + Level 8.6 Invocations
 + Level 7.9 Evocations


You had 15 spell levels left.
You knew the following spells:

 Your Spells              Type           Power        Failure   Level  Hunger
a - Foxfire               Conj/Fire      ####         1%          1    None
b - Mephitic Cloud        Conj/Pois/Air  #####...     1%          3    None
c - Ignite Poison         Fire/Tmut/Pois #####...     1%          3    None
d - Poisonous Vapours     Pois/Air       #####.       1%          2    None
e - Olgreb's Toxic Radia  Pois           #####...     5%          4    ##.....
f - Ensorcelled Hibernat  Hex/Ice        #####.       1%          2    None

Your spell library contained the following spells:

 Spells                   Type           Power        Failure   Level  Hunger
 Corona                   Hex            #####..      1%          1    None
 Magic Dart               Conj           ####         1%          1    None
 Sting                    Tmut/Pois      ####         1%          1    None
 Searing Ray              Conj           #####.       1%          2    None
 Confusing Touch          Hex            #####...     1%          3    None
 Dazzling Flash           Conj/Hex       #####.       1%          3    None
 Tukima's Dance           Hex            #####...     1%          3    None
 Iskenderun's Mystic Bla  Conj/Tloc      #####...     4%          4    ##.....
 Fulminant Prism          Conj/Hex       #####.....   5%          4    ##.....


Dungeon Overview and Level Annotations

Branches:
Dungeon (12/15)            Temple (1/1) D:4            Lair (3/6) D:10
  Snake (0/4) Lair:2          Orc (0/2) D:10
  Swamp: Lair:2-4    Shoals: Lair:2-4

Altars:
Ashenzari
Cheibriados
Dithmenos
Elyvilon
Fedhas
Gozag
Hepliaklqana
Kikubaaqudgha
Makhleb
Nemelex Xobeh
Okawaru
Qazlal
Ru
Sif Muna
Trog
Uskayaw
Vehumet
Wu Jian
Xom
Yredelemnul
Zin
The Shining One
Beogh

Annotations:
D:8 3 runed translucent doors, Mango's ghost, novice DDNe


Innate Abilities, Weirdness & Mutations

Your experience applies equally to all skills.
You have very sharp teeth.
Your uncanny sense of smell can sniff out nearby items.


Message History

You slash the spiny frog! You bite the spiny frog.
The spiny frog is severely wounded.
The spiny frog stings you!
You are poisoned.
The spiny frog poisons you!
The spiny frog stings you but does no damage.
You hit the spiny frog but do no damage.
The spiny frog is heavily wounded.
You feel sick. The spiny frog stings you.
You hit the spiny frog.
The spiny frog is severely wounded.
You feel sick. The spiny frog stings you!
* * * LOW HITPOINT WARNING * * *
You closely miss the spiny frog.
You bite the spiny frog, but do no damage.
The spiny frog is severely wounded.
You feel sick. The spiny frog stings you!!
* * * LOW HITPOINT WARNING * * *
You feel better. The spiny frog stings you!
You die...

................#
................#
.........†.#P##.#
...........###.##
..##...........##
#.............#
##......##....#
#........<...#
#...@..P#........
#.^.F..#######...
...........# .
...............
..P............
..##............
. .............
..............
..............


You could see a spiny frog.

Vanquished Creatures
  Harold (D:7)
  A catoblepas (D:9)
  A two-headed ogre (D:11)
  A fire crab (Lair:2)
  A skeletal warrior (D:9)
  2 unseen horrors
  2 cyclopes (D:11)
  A wolf spider (D:9)
  The ghost of lightray the Skirmisher, a novice TeAK of Lugonu (D:6)
  Maggie (D:9)
  4 spiny frogs (Lair:2)
  2 ice devils (Lair:1)
  3 komodo dragons
  2 trolls (D:11)
  A queen bee (Lair:2)
  A slime creature (D:9)
  4 blink frogs (Lair:2)
  6 hippogriffs
  A hippogriff (shapeshifter) (D:9)
  A shadow (D:11)
  A wraith (D:10)
  A wyvern (Lair:3)
  31 yaks
  Eustachio (D:5)
  A basilisk (D:9)
  Edmund (D:5)
  2 nagas (Lair:2)
  Duvessa (D:5)
  8 water moccasins
  7 porcupines
  A hornet zombie (D:10)
  2 black bears (D:9)
  4 orc warriors
  4 ice beasts
  2 phantoms
  3 ogres
  2 centaurs
  6 crocodiles
  2 big kobolds (D:4)
  15 bullfrogs
  A wyvern skeleton (D:8)
  Dowan (D:5)
  A water moccasin skeleton (D:3)
  5 scorpions
  23 killer bees (Lair:2)
  An electric eel (D:6)
  4 wights (D:7)
  4 howler monkeys
  2 centaur zombies
  A crimson imp (D:5)
  A quasit (D:9)
  A bullfrog zombie (D:8)
  7 hounds
  A jelly (D:7)
  10 orc priests
  A centaur skeleton (D:8)
  3 bullfrog skeletons
  Jessica (D:6)
  Ijyb (D:5)
  2 hell rats (Lair:2)
  An iguana (D:10)
  15 orc wizards
  9 worker ants
  A worker ant zombie (D:7)
  6 river rats (Lair:2)
  12 adders
  4 gnolls (D:7)
  2 adder zombies
  An adder skeleton (D:8)
  A worm (D:2)
  A dart slug (D:3)
  5 leopard geckos
  35 orcs
  A giant cockroach (D:4)
  9 hobgoblins
  16 jackals
  13 kobolds
  5 quokkas
  A ball python (D:1)
  8 bats
  8 frilled lizards
  A giant cockroach zombie (D:5)
  5 goblins
  2 leopard gecko skeletons (D:4)
  21 rats
  A bush (Lair:2)
  A fungus (Lair:1)
  A plant (Lair:2)
389 creatures vanquished.

Vanquished Creatures (others)
  2 bushes (D:10)
  10 foxfires (D:5)
  9 plants (D:10)
21 creatures vanquished.

Grand Total: 410 creatures vanquished

Notes
Turn   | Place    | Note
-------+----------+-------------------------------------------
     0 | D:1      | Faels the Gnoll Wanderer began the quest for the Orb.
     0 | D:1      | Faels set off with the following items: a +2 mace, a +0
                  | buckler, a +0 robe, a ration; and the following spell
                  | memorised: Foxfire; and the following spells available to
                  | memorise: Mephitic Cloud
     0 | D:1      | Reached XP level 1. HP: 13/13 MP: 6/6
   173 | D:1      | Reached XP level 2. HP: 14/19 MP: 7/7
  1135 | D:2      | Reached XP level 3. HP: 17/25 MP: 9/9
  1268 | D:2      | Found a shimmering altar of Xom.
  1279 | D:2      | Reached skill level 5 in Spellcasting
  1454 | D:2      | Found a shimmering altar of Xom.
  1455 | D:2      | Found a shimmering altar of Xom.
  1520 | D:2      | Reached skill level 1 in Invocations
  1761 | D:2      | Reached skill level 1 in Fighting
  1761 | D:2      | Reached skill level 1 in Short Blades
  1761 | D:2      | Reached skill level 1 in Long Blades
  1761 | D:2      | Reached skill level 1 in Axes
  1761 | D:2      | Reached skill level 1 in Polearms
  1761 | D:2      | Reached skill level 1 in Staves
  1761 | D:2      | Reached skill level 1 in Slings
  1761 | D:2      | Reached skill level 1 in Bows
  1761 | D:2      | Reached skill level 1 in Crossbows
  1761 | D:2      | Reached skill level 1 in Throwing
  1761 | D:2      | Reached skill level 1 in Dodging
  1761 | D:2      | Reached skill level 1 in Stealth
  1761 | D:2      | Reached skill level 1 in Unarmed Combat
  1761 | D:2      | Reached skill level 1 in Evocations
  1761 | D:2      | Reached XP level 4. HP: 16/32 MP: 11/11
  2972 | D:3      | Learned a level 3 spell: Mephitic Cloud
  3142 | D:3      | Reached skill level 1 in Conjurations
  3142 | D:3      | Reached skill level 1 in Hexes
  3142 | D:3      | Reached skill level 1 in Charms
  3142 | D:3      | Reached skill level 1 in Summonings
  3142 | D:3      | Reached skill level 1 in Necromancy
  3142 | D:3      | Reached skill level 1 in Fire Magic
  3142 | D:3      | Reached skill level 1 in Ice Magic
  3142 | D:3      | Reached skill level 1 in Air Magic
  3142 | D:3      | Reached skill level 1 in Earth Magic
  3142 | D:3      | Reached skill level 1 in Poison Magic
  3433 | D:3      | Reached XP level 5. HP: 33/37 MP: 12/12
  4226 | D:4      | Found a staircase to the Ecumenical Temple.
  4251 | Temple   | Entered the Ecumenical Temple
  4302 | Temple   | Became a worshipper of Warmaster Okawaru
  4361 | D:4      | Reached XP level 6. HP: 44/44 MP: 13/13
  4714 | D:4      | Reached * piety under Okawaru
  4714 | D:4      | Reached skill level 5 in Maces & Flails
  4714 | D:4      | Reached skill level 5 in Shields
  4779 | D:4      | Reached XP level 7. HP: 17/50 MP: 15/15
  5142 | D:5      | Entered Level 5 of the Dungeon
  5148 | D:5      | Noticed Eustachio
  5191 | D:5      | Killed Eustachio
  5367 | D:5      | Found a white marble altar of Elyvilon.
  5430 | D:5      | Found a shadowy altar of Dithmenos.
  5435 | D:5      | Found a bloodstained altar of Trog.
  5455 | D:5      | Found a radiant altar of Vehumet.
  5462 | D:5      | Found an opulent altar of Gozag.
  5671 | D:5      | Reached ** piety under Okawaru
  5671 | D:5      | Reached XP level 8. HP: 56/57 MP: 16/16
  5789 | D:5      | Noticed Ijyb
  5812 | D:5      | Killed Ijyb
  6204 | D:5      | Noticed Dowan
  6208 | D:5      | Noticed Duvessa
  6232 | D:5      | Killed Dowan
  6238 | D:5      | Killed Duvessa
  6465 | D:5      | Noticed Edmund
  6493 | D:5      | Killed Edmund
  6493 | D:5      | Reached *** piety under Okawaru
  6955 | D:6      | Reached XP level 9. HP: 65/65 MP: 11/18
  7050 | D:6      | Reached skill level 5 in Translocations
  7506 | D:6      | Noticed Jessica
  7516 | D:6      | Killed Jessica
  7521 | D:6      | Found a shimmering blue altar of Sif Muna.
  7643 | D:6      | Found a runed translucent gate.
  7643 | D:6      | Found a runed translucent gate.
  7643 | D:6      | Found a runed translucent gate.
  7644 | D:6      | Noticed lightray's ghost (novice TeAK)
  7911 | D:6      | Killed lightray's ghost
  7911 | D:6      | Reached **** piety under Okawaru
  7911 | D:6      | Reached skill level 5 in Armour
  8381 | D:6      | Upgraded the game from 0.25-a0-643-g3cd4bd2 to
                  | 0.25-a0-645-gb448734
  8722 | D:7      | Noticed Harold
  8768 | D:7      | Killed Harold
  8768 | D:7      | Reached ***** piety under Okawaru
  8768 | D:7      | Reached skill level 5 in Invocations
  8768 | D:7      | Reached XP level 10. HP: 30/73 MP: 20/20
  9038 | D:7      | Learned a level 3 spell: Ignite Poison
  9097 | D:7      | Learned a level 2 spell: Poisonous Vapours
 10022 | D:7      | Got a translucent quarterstaff
 10028 | D:7      | Identified the cursed +3 quarterstaff "Vitt" {speed, Int+4}
                  | (You found it on level 7 of the Dungeon)
 10293 | D:8      | Received a gift from Okawaru
 10293 | D:8      | Reached skill level 5 in Fighting
 10293 | D:8      | Reached skill level 5 in Short Blades
 10293 | D:8      | Reached skill level 5 in Long Blades
 10293 | D:8      | Reached skill level 5 in Axes
 10293 | D:8      | Reached skill level 5 in Polearms
 10293 | D:8      | Reached skill level 5 in Staves
 10293 | D:8      | Reached skill level 5 in Slings
 10293 | D:8      | Reached skill level 5 in Bows
 10293 | D:8      | Reached skill level 5 in Crossbows
 10293 | D:8      | Reached skill level 5 in Throwing
 10293 | D:8      | Reached skill level 5 in Dodging
 10293 | D:8      | Reached skill level 5 in Stealth
 10293 | D:8      | Reached skill level 5 in Unarmed Combat
 10293 | D:8      | Reached skill level 5 in Evocations
 10496 | D:8      | Found a runed translucent gate.
 10496 | D:8      | Found a runed translucent gate.
 10496 | D:8      | Found a runed translucent gate.
 10522 | D:8      | Noticed Mango's ghost (novice DDNe)
 10827 | D:8      | Got a polished shortbow
 10934 | D:8      | Identified the +8 shortbow "Ithry Jar" {freeze, Stlth+}
                  | (You found it on level 8 of the Dungeon)
 11746 | D:9      | Got an iridescent war axe
 11747 | D:9      | Identified the cursed +3 war axe of Exquisite Death {venom,
                  | Int+3} (You found it on level 9 of the Dungeon)
 11931 | D:9      | Noticed Maggie
 11942 | D:9      | Killed Maggie
 11942 | D:9      | Received a gift from Okawaru
 11942 | D:9      | Reached skill level 5 in Transmutations
 12184 | D:9      | Got a slimy flail
 12393 | D:9      | Killed an unseen horror
 12642 | D:9      | Noticed a wolf spider
 12651 | D:9      | Killed a wolf spider
 12651 | D:9      | Reached XP level 11. HP: 28/81 MP: 22/22
 12652 | D:9      | Noticed a skeletal warrior
 12920 | D:9      | Noticed a catoblepas
 13415 | D:9      | Killed a catoblepas
 13415 | D:9      | Received a gift from Okawaru
 13708 | D:9      | Killed a skeletal warrior
 13708 | D:9      | Reached skill level 5 in Conjurations
 13708 | D:9      | Reached skill level 5 in Hexes
 13708 | D:9      | Reached skill level 5 in Charms
 13708 | D:9      | Reached skill level 5 in Summonings
 13708 | D:9      | Reached skill level 5 in Necromancy
 13708 | D:9      | Reached skill level 5 in Fire Magic
 13708 | D:9      | Reached skill level 5 in Ice Magic
 13708 | D:9      | Reached skill level 5 in Air Magic
 13708 | D:9      | Reached skill level 5 in Earth Magic
 13708 | D:9      | Reached skill level 5 in Poison Magic
 13775 | D:10     | Entered Level 10 of the Dungeon
 13841 | D:10     | Killed an unseen horror
 13841 | D:10     | Received a gift from Okawaru
 14434 | D:10     | Found a staircase to the Orcish Mines.
 14441 | D:10     | Found a roughly hewn altar of Beogh.
 14675 | D:10     | Received a gift from Okawaru
 15029 | D:10     | Found a staircase to the Lair.
 15881 | D:11     | Reached XP level 12. HP: 73/89 MP: 1/24
 16380 | D:11     | You fall into a shaft and drop 1 floor!
 16467 | D:11     | Noticed a two-headed ogre
 16475 | D:11     | Killed a two-headed ogre
 17056 | D:11     | Reached ****** piety under Okawaru
 17266 | Lair:1   | Entered Level 1 of the Lair of Beasts
 17413 | Lair:1   | Received a gift from Okawaru
 17503 | Lair:1   | Got an aquamarine-studded chain mail {god gift}
 19398 | Lair:2   | Found a staircase to the Snake Pit.
 19709 | Lair:2   | Identified the +2 chain mail "Urphacvo" {Str+3 Dex+6 Slay-4
                  | Stlth+} (Okawaru gifted it to you on level 1 of the Lair of
                  | Beasts)
 19734 | Lair:2   | Identified the cursed +1 flail of the Neverending Yaks
                  | {vorpal, Str+2 Dex+3} (You found it on level 9 of the
                  | Dungeon)
 19738 | Lair:2   | Upgraded the game from 0.25-a0-645-gb448734 to
                  | 0.25-a0-647-gd602d06
 19757 | Lair:2   | Reached XP level 13. HP: 89/98 MP: 23/26
 19776 | Lair:2   | Received a gift from Okawaru
 19866 | Lair:2   | Learned a level 4 spell: Olgreb's Toxic Radiance
 19869 | Lair:2   | Learned a level 2 spell: Ensorcelled Hibernation
 19908 | Lair:2   | Got an encrusted shortbow
 20282 | Lair:2   | Identified the +11 shortbow of Karma {venom, rElec rPois
                  | rC+ Dex-5} (You found it on level 2 of the Lair of Beasts)
 20498 | Lair:3   | Received a gift from Okawaru
 20576 | Lair:3   | HP: 1/98 [spiny frog (18)]
 20577 | Lair:3   | Slain by a spiny frog

Levels and vault maps discovered:
D:1:      dpeg_arrival_ratfight, layout_basic, minivault_24, chequers_big_river
D:2:      layout_basic, xom_redecorated, first_ration, kennysheep_nub
D:3:      layout_loops_cross, minmay_curled_crystal,
          wander_ebering_terrifying_dragon_lair
D:4:      cheibrodos_thug_alley, layout_basic, minmay_temple_entry_arrows
D:5:      layout_loops_ring, grunt_temple_overflow_open,
          minmay_stone_trees_medium, minmay_chambers_of_fives, uniq_eustachio,
          uniq_ijyb, uniq_edmund, uniq_duvessa
D:6:      cheibrodos_helix_gallery, layout_loops_cross, tgw_sif,
          gammafunk_ghost_split
D:7:      layout_basic, serial_glass, glass_columns_b, glass_columns_a,
          uniq_harold
D:8:      layout_basic, gammafunk_ghost_spectres
D:9:      layout_rooms, minmay_evil_grid, uniq_maggie
D:10:     layout_stronghold, minmay_lair_entry_grove,
          minmay_orc_entry_temple_small
D:11:     layout_cave_pods, hangedman_abyss_or_decor_stagger
D:12:     layout_long_grid, uniq_sonja
Temple:   eino_wide_crystal_templ
Lair:1:   layout_hall_layers, portal_ice_cave_demonic_guard, grunt_megastairs_5,
          serial_bayou_shore_a
Lair:2:   layout_roguey [special_room_bee], guppyfry_snake_entry_island,
          kennysheep_abandoned_house, lemuel_fruit_tree, grunt_megastairs_1,
          infiniplex_staircase_pool_2
Lair:3:   layout_regular_city, elwin_shoals_entry_rooms

Skill      XL: |  1  2  3  4  5  6  7  8  9 10 11 12 13 |
---------------+----------------------------------------+-----
Transmutations | 2 3 4 5 6 7 |  7.0
Spellcasting   | 5 6 7 8 9 |  9.4
Invocations    | 1 2 3 4 5 6 7 8 |  8.6
Fighting       | 1 2 3 4 5 6 7 |  7.9
Short Blades   | 1 2 3 4 5 6 7 |  7.9
Long Blades    | 1 2 3 4 5 6 7 |  7.9
Axes           | 1 2 3 4 5 6 7 |  7.9
Polearms       | 1 2 3 4 5 6 7 |  7.9
Staves         | 1 2 3 4 5 6 7 |  7.9
Slings         | 1 2 3 4 5 6 7 |  7.9
Bows           | 1 2 3 4 5 6 7 |  7.9
Crossbows      | 1 2 3 4 5 6 7 |  7.9
Throwing       | 1 2 3 4 5 6 7 |  7.9
Dodging        | 1 2 3 4 5 6 7 |  7.9
Stealth        | 1 2 3 4 5 6 7 |  7.9
Unarmed Combat | 1 2 3 4 5 6 7 |  7.9
Evocations     | 1 2 3 4 5 6 7 |  7.9
Conjurations   | 1 2 3 4 5 6 |  6.5
Hexes          | 1 2 3 4 5 6 |  6.5
Charms         | 1 2 3 4 5 6 |  6.5
Summonings     | 1 2 3 4 5 6 |  6.5
Necromancy     | 1 2 3 4 5 6 |  6.5
Fire Magic     | 1 2 3 4 5 6 |  6.5
Ice Magic      | 1 2 3 4 5 6 |  6.5
Air Magic      | 1 2 3 4 5 6 |  6.5
Earth Magic    | 1 2 3 4 5 6 |  6.5
Poison Magic   | 1 2 3 4 5 6 |  6.5
Armour         | 3 4 5 6 7 8 |  8.4
Translocations | 4 5 6 7 |  7.7
Maces & Flails | 5 6 7 8 9 |  9.2
Shields        | 5 6 7 8 9 |  9.2

Action                   |  1- 3 |  4- 6 |  7- 9 | 10-12 | 13-15 || total
-------------------------+-------+-------+-------+-------+-------++-------
Melee: Mace              |    86 |   219 |    16 |    24 |       ||   345
       Bite              |     3 |    21 |    59 |    83 |     8 ||   174
       Dagger            |       |       |   426 |    69 |       ||   495
       Flail             |       |       |    27 |       |       ||    27
       Quarterstaff      |       |       |       |   158 |       ||   158
       War axe           |       |       |       |   401 |    56 ||   457
 Fire: Shortbow          |       |       |       |    15 |    17 ||    32
Throw: Dart              |       |    14 |    10 |   125 |     2 ||   151
 Cast: Foxfire           |       |       |     6 |     5 |       ||    11
       Mephitic Cloud    |       |       |     4 |    27 |       ||    31
       Poisonous Vapours |       |       |       |    11 |       ||    11
       Ignite Poison     |       |       |       |    59 |     8 ||    67
       Olgreb's Toxic Ra |       |       |       |       |     3 ||     3
Invok: Heroism           |       |       |     2 |     7 |     1 ||    10
       Finesse           |       |       |       |     4 |     1 ||     5
Evoke: Wand              |       |       |       |     1 |     1 ||     2
  Use: Scroll            |       |     3 |    12 |    12 |       ||    27
       Potion            |       |       |     1 |     4 |     1 ||     6
 Stab: Sleeping          |     3 |     2 |     3 |     7 |     1 ||    16
       Confused          |       |       |     4 |     2 |       ||     6
       Distracted        |       |       |       |     1 |       ||     1
  Eat: Ration            |     1 |       |     1 |     5 |     1 ||     8
       Chunk             |       |     9 |    10 |    18 |     1 ||    38
Armor: Robe              |    22 |     9 |       |       |       ||    31
       Ring mail         |       |    84 |    84 |       |       ||   168
       Leather armour    |       |       |    59 |    46 |       ||   105
       Acid dragon scale |       |       |       |   159 |    21 ||   180
       Plate armour      |       |       |       |    24 |       ||    24
Dodge: Dodged            |    50 |   123 |   227 |   391 |    62 ||   853
Block: Buckler           |    31 |    57 |   112 |   179 |    30 ||   409

Table legend:
 A = Non-vault XP
 B = Vault XP
 C = Vault XP percentage of total XP
 D = Non-vault monster count
 E = Vault monster count
 F = Vault count percentage of total count
                 A         B        C        D         E       F
            +---------+---------+-------+---------+---------+-------
      Total |   22488 |   13445 |  37.4 |     281 |     105 |  27.2
            +---------+---------+-------+---------+---------+-------
        D:1 |      27 |       5 |  15.6 |      18 |       5 |  21.7
        D:2 |      79 |       0 |   0.0 |      25 |       0 |   0.0
        D:3 |     126 |       3 |   2.3 |      15 |       1 |   6.2
        D:4 |     191 |     210 |  52.4 |      12 |      10 |  45.5
        D:5 |     539 |     732 |  57.6 |      21 |       7 |  25.0
        D:6 |     881 |     798 |  47.5 |      23 |       5 |  17.9
        D:7 |     836 |    1002 |  54.5 |      18 |       1 |   5.3
        D:8 |    1211 |     343 |  22.1 |      29 |       1 |   3.3
        D:9 |     802 |    4454 |  84.7 |      13 |      11 |  45.8
       D:10 |    4260 |    1657 |  28.0 |      34 |      17 |  33.3
       D:11 |    4958 |       0 |   0.0 |      31 |       0 |   0.0
     Lair:1 |    1768 |     847 |  32.4 |      11 |       3 |  21.4
     Lair:2 |    5324 |    3394 |  38.9 |      23 |      44 |  65.7
     Lair:3 |    1486 |       0 |   0.0 |       8 |       0 |   0.0
            +---------+---------+-------+---------+---------+-------
